 Dungeon Crawl Stone Soup version 0.30-a0-297-g0ec75d9ef4 (webtiles) character file.

Game seed: 18282966238439869454

91 MordorOrchid the Chopper (level 4, -4/36 HPs)
             Began as a Gnoll Chaos Knight on Oct 18, 2022.
             Was a Plaything of Xom.
             Killed from afar by a white imp (8 damage)
             ... with a puff of frost
             ... summoned by Natasha
             ... on level 3 of the Dungeon.
             The game lasted 00:07:54 (1145 turns).

MordorOrchid the Chopper (Gnoll Chaos Knight)       Turns: 1145, Time: 00:07:54

Health: -4/36      AC:  5    Str: 11    XL:     4   Next: 59%
Magic:  5/5        EV:  7    Int: 13    God:    Xom [*.....]
Gold:   131        SH: 11    Dex: 12    Spells: 4/5 levels left

rFire   . . .      SeeInvis .    a - +0 hand axe (chaos)
rCold   . . .      Faith    .    n - +0 tower shield
rNeg    . . .      Spirit   .    b - +2 leather armour
rPois   .          Reflect  .    (helmet restricted)
rElec   .          Harm     .    (no cloak)
rCorr   .          Rampage  .    (no gloves)
Will    .....                    (no boots)
Stlth   +.........               i - amulet of regeneration
HPRegen 1.06/turn                (no ring)
MPRegen 0.09/turn                (no ring)

@: attractive, flying, slowed, very slow
A: fangs 1, strong nose, distributed training, antennae 1, frail 1
a: Renounce Religion


You were on level 3 of the Dungeon.
You worshipped Xom.
You were a special plaything of Xom.
You visited 1 branch of the dungeon, and saw 3 of its levels.

You collected 131 gold pieces.

Inventory:

Hand Weapons
 a - a +0 hand axe of chaos (weapon)
 e - a +0 spear
 q - a +0 falchion
Missiles
 p - 7 poisoned darts
 u - 2 javelins
Armour
 b - a +2 leather armour (worn)
 j - a +0 scale mail
 n - a +0 tower shield (worn)
Jewellery
 i - an amulet of regeneration (around neck)
Scrolls
 f - a scroll of blinking {unknown}
 g - a scroll of silence {unknown}
 k - a scroll of teleportation {unknown}
 l - 2 scrolls of vulnerability {unknown}
 m - a scroll of magic mapping {unknown}
 o - a scroll of summoning {unknown}
Potions
 d - a potion of haste {unknown}
 h - a potion of attraction
 s - a potion of brilliance {unknown}
 t - a potion of might {unknown}
Miscellaneous
 c - a piece from Xom's chessboard (15/15) (quivered)


   Skills:
 + Level 6.6 Fighting
 + Level 1.2 Short Blades
 + Level 1.2 Long Blades
 + Level 6.6 Axes
 + Level 1.2 Maces & Flails
 + Level 1.2 Polearms
 + Level 1.2 Staves
 + Level 1.2 Ranged Weapons
 + Level 1.2 Throwing
 + Level 4.7 Armour
 + Level 2.8 Dodging
 + Level 1.2 Stealth
 + Level 1.2 Shields
 + Level 1.2 Unarmed Combat
 + Level 1.2 Spellcasting
 + Level 1.0 Conjurations
 + Level 1.0 Hexes
 + Level 1.0 Summonings
 + Level 1.0 Necromancy
 + Level 1.0 Translocations
 + Level 1.0 Transmutations
 + Level 1.0 Fire Magic
 + Level 1.0 Ice Magic
 + Level 1.0 Air Magic
 + Level 1.0 Earth Magic
 + Level 1.0 Poison Magic
 + Level 1.3 Invocations
 + Level 1.2 Evocations


You had 4 spell levels left.
You knew the following spells:

 Your Spells              Type           Power      Damage    Failure   Level
z - Apportation           Tloc           6%         N/A       98%         1

Your spell library contained the following spells:

 Spells                   Type           Power      Damage    Failure   Level
 Necrotise                Necr           12%        1d4       98%         1
 Summon Small Mammal      Summ           12%        N/A       98%         1


Dungeon Overview and Level Annotations

Branches:
Dungeon (3/15)

Altars:
Elyvilon

Annotations:
D:3 Natasha


Innate Abilities, Weirdness & Mutations

You have very sharp teeth.
Your uncanny sense of smell can sniff out nearby items.
Your experience applies equally to all skills.
You have a pair of small antennae on your head.
You are frail. (-10% HP)


Message History

You hit the white imp but do no damage.
The white imp flickers and vanishes!
You hear some strange, mumbled words.
A magic dart appears from out of thin air!
The magic dart hits you.
* * * LOW HITPOINT WARNING * * *
Something hits you but does no damage.
The crimson imp shouts, "Give up, thou foppish fen-sucked bandersnitch!"
The crimson imp hits you but does no damage.
Something claws you but does no damage. You block something's attack.
You block the crimson imp's attack.
Unknown command.
Unknown command.
You miss something. You hit the crimson imp.
You hit something but do no damage. Something claws you but does no damage.
Something hits you but does no damage.
The crimson imp hits you but does no damage.
You hear some strange, mumbled words.
You feel as though you will be slow longer.
Something hits you but does no damage.
The crimson imp hits you but does no damage.
Unknown command.
You barely miss something. You barely miss the crimson imp.
You closely miss something.
You feel less wooden.
Your +2 leather armour unmelds from your body.
You block something's attack. Something hits you but does no damage.
You block the crimson imp's attack. Something claws you.
* * * LOW HITPOINT WARNING * * *
Something completely misses you. The crimson imp hits you.
* * * LOW HITPOINT WARNING * * *
It was a potion of flight.
You feel very buoyant.
You fly up into the air.
Xom thinks this is hilarious!
Something claws you.
* * * LOW HITPOINT WARNING * * *
A puff of frost appears from out of thin air!
The puff of frost hits you!
You die...
Xom snickers!

....##
.#.#.#.#.#.#.#.#.#.#.#..
.....#
#.#.#.#.#.#.#.#.#.#.#.#.
.....###
.....#.#.#.#.#.#.#.#.#..
........
..#.#.#.#.#.#.#.#.#.##
....###
..#.#.#.#.#.#.#.#.#'#
....#
#.#.#.#.#.#.#.......
###.....
#.#.#.#.#.#........ ####
#§#######......... #@#
.....#.......
#.{5{...#####.......
#.####### #....... #.
#....... # #.......
######## ∆


You could see a crimson imp (summoned).

Vanquished Creatures
  Natasha (D:3)
  2 adders
  A white imp (D:3)
  2 dart slugs
  4 bats
  An endoplasm (D:1)
  3 giant cockroaches
  7 goblins
  A hobgoblin (D:2)
  2 jackals (D:1)
  4 kobolds
  2 quokkas
  5 ball pythons
  A frilled lizard (D:2)
  2 rats
  A bush (D:1)
39 creatures vanquished.

Vanquished Creatures (others)
  3 plants (D:1)
3 creatures vanquished.

Grand Total: 42 creatures vanquished

Notes
Turn   | Place    | Note
-------+----------+-------------------------------------------
     0 | D:1      | MordorOrchid the Gnoll Chaos Knight began the quest for the
                  | Orb.
     0 | D:1      | Reached XP level 1. HP: 23/23 MP: 1/1
   165 | D:1      | Reached XP level 2. HP: 29/29 MP: 2/2
   233 | D:1      | Learned a level 1 spell: Apportation
   591 | D:2      | Reached XP level 3. HP: 35/35 MP: 2/4
   636 | D:2      | Reached skill level 1 in Invocations
   835 | D:2      | Reached skill level 1 in Short Blades
   835 | D:2      | Reached skill level 1 in Long Blades
   835 | D:2      | Reached skill level 1 in Maces & Flails
   835 | D:2      | Reached skill level 1 in Polearms
   835 | D:2      | Reached skill level 1 in Staves
   835 | D:2      | Reached skill level 1 in Ranged Weapons
   835 | D:2      | Reached skill level 1 in Throwing
   835 | D:2      | Reached skill level 1 in Stealth
   835 | D:2      | Reached skill level 1 in Shields
   835 | D:2      | Reached skill level 1 in Unarmed Combat
   835 | D:2      | Reached skill level 1 in Spellcasting
   835 | D:2      | Reached skill level 1 in Evocations
   883 | D:3      | Noticed Natasha
   894 | D:3      | Killed Natasha
   895 | D:3      | Reached XP level 4. HP: 41/41 MP: 5/5
   975 | D:3      | Reached skill level 1 in Conjurations
   975 | D:3      | Reached skill level 1 in Hexes
   975 | D:3      | Reached skill level 1 in Summonings
   975 | D:3      | Reached skill level 1 in Necromancy
   975 | D:3      | Reached skill level 1 in Translocations
   975 | D:3      | Reached skill level 1 in Transmutations
   975 | D:3      | Reached skill level 1 in Fire Magic
   975 | D:3      | Reached skill level 1 in Ice Magic
   975 | D:3      | Reached skill level 1 in Air Magic
   975 | D:3      | Reached skill level 1 in Earth Magic
   975 | D:3      | Reached skill level 1 in Poison Magic
  1000 | D:3      | Found a white marble altar of Elyvilon.
  1123 | D:3      | Noticed Natasha
  1140 | D:3      | XOM: give mutations
  1140 | D:3      | Gained mutation: You are clumsy. (Dex -2) [Xom's mischief]
  1140 | D:3      | Gained mutation: You have a pair of small antennae on your
                  | head. [Xom's mischief]
  1140 | D:3      | Lost mutation: You are clumsy. (Dex -2) [Xom's mischief]
  1140 | D:3      | Gained mutation: You are frail. (-10% HP) [Xom's mischief]
  1140 | D:3      | XOM: smoke on damage
  1145 | D:3      | Killed from afar by a white imp

Illustrated notes

Levels and vault maps discovered:
D:1:      scummos_arrival_hexagon, layout_loops_ring, serial_forest,
          infiniplex_forest_end_3, infiniplex_forest_lined_3,
          infiniplex_forest_corner_1, infiniplex_forest_clump_curved,
          infiniplex_forest_straight_4, infiniplex_forest_corner_1,
          infiniplex_forest_clump_cross, infiniplex_forest_straight_4,
          serial_bayou_lake_a
D:2:      layout_basic, due_unseen_surprise
D:3:      layout_basic, elyvilon_altar_4, uniq_natasha

Skill      XL: |  1  2  3  4 |
---------------+-------------+-----
Invocations    | 1 |  1.3
Short Blades   | 1 |  1.2
Long Blades    | 1 |  1.2
Maces & Flails | 1 |  1.2
Polearms       | 1 |  1.2
Staves         | 1 |  1.2
Ranged Weapons | 1 |  1.2
Throwing       | 1 |  1.2
Stealth        | 1 |  1.2
Shields        | 1 |  1.2
Unarmed Combat | 1 |  1.2
Spellcasting   | 1 |  1.2
Evocations     | 1 |  1.2
Conjurations   | 1 |  1.0
Hexes          | 1 |  1.0
Summonings     | 1 |  1.0
Necromancy     | 1 |  1.0
Translocations | 1 |  1.0
Transmutations | 1 |  1.0
Fire Magic     | 1 |  1.0
Ice Magic      | 1 |  1.0
Air Magic      | 1 |  1.0
Earth Magic    | 1 |  1.0
Poison Magic   | 1 |  1.0
Fighting       | |  6.6
Axes           | |  6.6
Armour         | |  4.7
Dodging        | |  2.8

Action                   |  1- 3 |  4- 6 || total
-------------------------+-------+-------++-------
Melee: Hand axe          |   132 |    40 ||   172
       Bite              |    20 |     2 ||    22
  Use: Potion            |       |     3 ||     3
Armor: Leather armour    |    40 |     7 ||    47
       Skin              |       |    22 ||    22
Dodge: Dodged            |    52 |    12 ||    64
Block: Tower shield      |    17 |    31 ||    48

Table legend: (Time is in decaauts)
 A = Elapsed time spent in this place.
 B = Non-inter-level travel time spent in this place.
 C = Inter-level travel time spent in this place.
 D = Time resting spent in this place.
 E = Time spent auto-exploring this place.
 F = Levels seen in this place.
 G = Mean time per level.
                   A        B        C        D        E       F      G
               +--------+--------+--------+--------+--------+-----+--------+
         Total |   1178 |   1136 |     42 |      0 |      0 |   3 |  392.7 |
       Dungeon |   1178 |   1136 |     42 |      0 |      0 |   3 |  392.7 |
               +--------+--------+--------+--------+--------+-----+--------+

Top non-repeatable levels by time:
     D:1: 529 daAuts
     D:3: 326 daAuts
     D:2: 322 daAuts
